 Dungeon Crawl Stone Soup version 0.25.1-2-g60ff931df9 (webtiles) character file.

Game seed: 1655436830940444207

128 funkygono the Conjurer (level 4, -3/30 HPs)
             Began as a Demonspawn Conjurer on Nov 1, 2020.
             Slain by a slave (10 damage)
             ... led by Pikel
             ... on level 3 of the Dungeon.
             The game lasted 00:05:15 (3568 turns).

funkygono the Conjurer (Demonspawn Conjurer)        Turns: 3568, Time: 00:05:16

Health: -3/30      AC:  8    Str:  8    XL:     4   Next: 87%
Magic:  0/8        EV: 12    Int: 18    God:
Gold:   112        SH:  0    Dex: 13    Spells: 6/9 levels left

rFire    . . .     SeeInvis .   b - +0 short sword
rCold    . . .     Gourm    .   (no shield)
rNeg     . . .     Faith    .   a - +2 robe
rPois    .         Spirit   .   (no helmet)
rElec    .         Reflect  .   (no cloak)
rCorr    .         Harm     .   (no gloves)
MR       .....                  (no boots)
Stlth    ++........             (no amulet)
HPRegen  0.10/turn              k - +4 ring of protection
MPRegen  0.11/turn              (no ring)

@: no status effects
A: hooves 2
a: no special abilities


You were on level 3 of the Dungeon.
You were not hungry.

You visited 1 branch of the dungeon, and saw 4 of its levels.

You collected 112 gold pieces.

Inventory:

Hand Weapons
 b - a +0 short sword (weapon)
Missiles
 e - 44 stones (quivered)
Armour
 a - a +2 robe (worn)
Jewellery
 k - a +4 ring of protection (left hand)
Scrolls
 d - 2 scrolls of identify
 g - a scroll of teleportation
 i - a scroll of remove curse {unknown}
Potions
 f - a potion of cancellation
 h - a potion of ambrosia
 j - a potion of resistance {unknown}
 l - a potion of curing
 m - a potion of flight
 n - a potion of lignification
Comestibles
 c - 7 rations


   Skills:
 + Level 0.2 Fighting
 + Level 0.2 Short Blades
 + Level 2.0 Dodging
 - Level 1.7 Stealth
 + Level 3.0 Spellcasting
 + Level 5.4 Conjurations


You had 6 spell levels left.
You knew the following spells:

 Your Spells              Type           Power        Failure   Level  Hunger
a - Magic Dart            Conj           ###.         1%          1    None
b - Searing Ray           Conj           ###...       2%          2    ##.....

Your spell library contained the following spells:

 Spells                   Type           Power        Failure   Level  Hunger
 Dazzling Flash           Conj/Hex       ##....       16%         3    ###....
 Fulminant Prism          Conj/Hex       ##........   45%         4    ####...
 Iskenderun's Mystic Bla  Conj/Tloc      ##......     45%         4    ####...


Dungeon Overview and Level Annotations

Branches:
Dungeon (4/15)
 Temple: D:4-7

Altars:
Ru
Vehumet
Zin

Annotations:
D:4 Pikel


Innate Abilities, Weirdness & Mutations

You have hoof-like feet.


Message History

The slave hits you.
You hit the slave but do no damage.
The slave is almost dead.
The slave hits you but does no damage.
Casting: Searing Ray (safe; 2% risk of failure)
Confirm with . or Enter, or press ? or * to list all spells.
Aiming: Magic Dart (safe; 1% risk of failure)
Press: ? - help, Shift-Dir - straight line, f - slave
Aim: a slave (almost dead)
The magic dart hits the slave but does no damage.
The slave is almost dead.
The slave hits you!
* * * LOW HITPOINT WARNING * * *
You hit the slave. You kick the slave, but do no damage.
The slave is almost dead.
The slave hits you but does no damage.
You hit the slave.
The slave is almost dead.
The slave hits you!
You die...

##############
#............#
#.....)......#
#...........)#
#......[.....#
#............#
#............#####
...............p@#
#............#####
#............#
#............#
#............#
#............#
.............#
.####.##..#.##
............####


You could see a slave.

Vanquished Creatures
  A slave (D:3)
  Terence (D:2)
  3 adders
  An ooze (D:4)
  A worm (D:2)
  A dart slug (D:1)
  2 leopard geckos
  5 orcs (D:3)
  13 goblins
  4 hobgoblins
  3 jackals (D:3)
  A quokka (D:2)
  7 bats
  2 frilled lizards (D:2)
  5 kobolds
  9 rats
59 creatures vanquished.

Vanquished Creatures (others)
  A goblin (D:2)
1 creature vanquished.

Grand Total: 60 creatures vanquished

Notes
Turn   | Place    | Note
-------+----------+-------------------------------------------
     0 | D:1      | funkygono the Demonspawn Conjurer began the quest for the
                  | Orb.
     0 | D:1      | Reached XP level 1. HP: 13/13 MP: 3/3
   261 | D:1      | Gained mutation: You have large cloven feet. [demonic
                  | ancestry]
   261 | D:1      | Reached XP level 2. HP: 19/19 MP: 1/5
   265 | D:1      | Learned a level 2 spell: Searing Ray
  1415 | D:2      | Reached XP level 3. HP: 24/24 MP: 2/6
  1459 | D:2      | Noticed Terence
  1469 | D:2      | Killed Terence
  1469 | D:2      | Reached skill level 5 in Conjurations
  1756 | D:2      | Found a radiant altar of Vehumet.
  2104 | D:2      | Gained mutation: You have hoof-like feet. [demonic
                  | ancestry]
  2104 | D:2      | Reached XP level 4. HP: 30/30 MP: 3/7
  2913 | D:3      | Found a glowing silver altar of Zin.
  2941 | D:3      | Found a sacrificial altar of Ru.
  3221 | D:4      | Noticed a phantom
  3553 | D:4      | Noticed Pikel
  3553 | D:4      | Noticed a slave
  3553 | D:4      | Noticed a slave
  3553 | D:4      | Noticed a slave
  3553 | D:4      | Noticed a slave
  3561 | D:3      | Killed a slave
  3568 | D:3      | Slain by a slave

Illustrated notes

Levels and vault maps discovered:
D:1:      saegor_arrival_simple_e, layout_basic, chequers_jeans
D:2:      layout_basic, fiery_altar_vehumet, first_ration,
          minmay_misc_feat_rows, uniq_terence
D:3:      layout_basic, lemuel_crystal_altar, zin_treasury
D:4:      layout_cave_pools, grunt_dithmenos_smoke_and_mirrors, uniq_natasha,
          uniq_pikel

Skill      XL: |  1  2  3  4 |
---------------+-------------+-----
Dodging        | 2 |  2.0
Conjurations   | 5 |  5.4
Spellcasting   | 3 |  3.0
Fighting       | |  0.2
Short Blades   | |  0.2
Stealth        | |  1.7

Action                   |  1- 3 |  4- 6 || total
-------------------------+-------+-------++-------
Melee: Short sword       |     4 |    14 ||    18
       Kick              |       |     4 ||     4
 Cast: Magic Dart        |    55 |    57 ||   112
       Searing Ray       |     3 |     3 ||     6
  Use: Scroll            |     4 |     5 ||     9
  Eat: Chunk             |     4 |     5 ||     9
Armor: Robe              |       |     6 ||     6
Dodge: Dodged            |    10 |    17 ||    27
